 Dungeon Crawl Stone Soup version 0.20.0-15-g7f486f2 (webtiles) character file.

5455 Chiseanne the Covert (level 10, -2/53 HPs)
             Began as a Spriggan Warper on June 24, 2017.
             Was an Initiate of Gozag.
             Slain by a gnoll sergeant
             ... wielding a +6 trident of venom
              (17 damage)
             ... on level 9 of the Dungeon.
             The game lasted 00:53:07 (10636 turns).

Chiseanne the Covert (Spriggan Warper)             Turns: 10636, Time: 00:53:07

Health: -2/53      AC:  3    Str: 13    XL:     10   Next: 41%
Magic:  25/25      EV: 27    Int: 17    God:    Gozag
Gold:   410        SH:  0    Dex: 17    Spells: 12/29 levels left

rFire    . . .     SeeInvis +   a - +2 dagger (venom)
rCold    . . .     Gourm    .   (shield restricted)
rNeg     . . .     Faith    .   b - +1 robe
rPois    .         Spirit   .   (helmet restricted)
rElec    .         Reflect  .   (no cloak)
rCorr    .         Harm     .   (gloves unavailable)
MR       ++...                  (boots unavailable)
Stlth    +++++.....             (no amulet)
Regen    0.2/turn               p - +6 ring of strength
MPRegen  0.2/turn               F - ring of protection from magic

@: lethally poisoned (-2 -> -3), gold aura, very quick
A: unfitting armour, see invisible, herbivore 3, speed 3, slow metabolism 2
a: Potion Petition, Call Merchant, Bribe Branch, Renounce Religion


You were on level 9 of the Dungeon.
You worshipped Gozag.
Gozag was aware of your devotion.
You were not hungry.

You visited 2 branches of the dungeon, and saw 10 of its levels.
You also visited: Sewer.

You collected 1009 gold pieces.
You spent 501 gold pieces at shops.
You paid 98 gold pieces to Gozag.

Inventory:

Hand Weapons
 a - a +2 dagger of venom (weapon)
 e - a +1 hand axe of chopping
 s - a +0 short sword
 w - a +0 blowgun
 C - a +0 scimitar of flaming
Missiles
 h - 217 stones
 i - 9 tomahawks (quivered)
 m - 97 sling bullets
 n - 95 arrows
 r - a throwing net {!*}
 x - 106 bolts
 H - 16 poisoned needles
Armour
 b - a +1 robe (worn)
 I - a +0 buckler of protection
Magical Staves
 D - an uncursed staff of energy {unknown}
 G - an uncursed staff of cold
Jewellery
 p - a +6 ring of strength (left hand)
 F - a ring of protection from magic (right hand)
 L - an uncursed ring of fire
Wands
 N - a wand of scattershot (0/9)
 O - a wand of confusion (37/48)
Scrolls
 d - 6 scrolls of blinking
 l - 6 scrolls of enchant armour
 y - 3 scrolls of teleportation
 A - 3 scrolls of fog
 E - 2 scrolls of fear
 J - a scroll of amnesia
 Q - 3 scrolls of remove curse
Potions
 g - 8 potions of heal wounds
 j - 5 potions of curing
 k - a potion of resistance {unknown}
 o - a potion of berserk rage {unknown}
 q - a potion of cancellation
 t - 2 potions of might
 u - 2 potions of brilliance
 v - 4 potions of magic
 z - a potion of invisibility {unknown}
 B - 2 potions of mutation
 P - 2 potions of flight {unknown}
Books
 c - a book of Spatial Translocations

   Spells                             Type                      Level
   a - Blink                          Translocation                2
   b - Shroud of Golubria             Charms/Translocation         2
   c - Lesser Beckoning               Translocation                3
   d - Gell's Gravitas                Translocation                3
   e - Teleport Other                 Translocation                3
   f - Passage of Golubria            Translocation                4
 M - a book of Callings

   Spells                             Type                      Level
   a - Summon Small Mammal            Summoning                    1
   b - Call Imp                       Summoning                    2
   c - Call Canine Familiar           Summoning                    3
   d - Summon Guardian Golem          Hexes/Summoning              3
   e - Summon Lightning Spire         Summoning/Air                4
   f - Summon Ice Beast               Ice/Summoning                4
Comestibles
 f - 2 bread rations
 R - 3 fruits
 S - a royal jelly


   Skills:
 * Level 6.8 Fighting
 - Level 2.1 Short Blades
 - Level 1.0 Throwing
 * Level 11.2 Dodging
 * Level 11.6 Stealth
 * Level 10.0 Spellcasting
 - Level 4.4 Translocations


You had 12 spell levels left.
You knew the following spells:

 Your Spells              Type           Power        Failure   Level  Hunger
a - Blink                 Tloc           N/A          1%          2    None
b - Shroud of Golubria    Chrm/Tloc      ###.......   5%          2    None
c - Teleport Other        Tloc           ###.....     4%          3    None
d - Passage of Golubria   Tloc           N/A          14%         4    ###....
e - Lesser Beckoning      Tloc           ###.......   4%          3    None
f - Gell's Gravitas       Tloc           ###.......   4%          3    None


Dungeon Overview and Level Annotations

Branches:
Dungeon (9/15)             Temple (1/1) D:5            Lair (0/6) D:9
    Orc: D:9-12

Altars:
Ashenzari
Cheibriados
Elyvilon
Fedhas
Gozag
Hepliaklqana
Kikubaaqudgha
Makhleb
Nemelex Xobeh
Okawaru
Qazlal
Ru
Sif Muna
Trog
Uskayaw
Vehumet
Xom
Yredelemnul
Zin
The Shining One

Shops:
D:7 *

Annotations:
D:4 ANON1729's ghost, amateur TeCj
D:5 koelner's ghost, amateur DsVM
D:8 koelner's ghost, novice DsVM


Innate Abilities, Weirdness & Mutations

You are very small and have problems with some larger weapons.
You are too small for most types of armour.
You have supernaturally acute eyesight. (SInv)
You are a herbivore.
You cover ground extremely quickly.
You need consume almost no food.


Message History

Nothing appears to happen.
You hit the scorpion.
The scorpion is poisoned.
The scorpion is heavily wounded.
You feel sick. The scorpion misses you.
The gnoll sergeant completely misses you.
You hit the scorpion.
The scorpion is almost dead.
You kill the scorpion!
The gnoll sergeant completely misses you.
You see here 3 gold pieces.
You hit the gnoll sergeant.
The gnoll sergeant is poisoned.
The gnoll sergeant is severely wounded.
The gnoll completely misses you. The gnoll sergeant barely misses you.
You hit the gnoll sergeant but do no damage.
The gnoll sergeant looks as sick as possible!
The gnoll sergeant is almost dead.
You feel sick. The gnoll completely misses you.
The gnoll sergeant hits you with a trident of venom!
You die...
Your body crumbles into a pile of gold.

(...###..^........#
##......(..## #.............
#..........## #.............
............# #.............
............#####............
..............###..).........
.............................
...............g........##...
........g....$.g@......## ..
.....................###
#####.......######...##
##...#### ###.....# ##..#
##.......##
#..#####.........#
#................#
##................#
#.##...###..........


You could see a gnoll sergeant and a gnoll.

Vanquished Creatures
  Erica (D:8)
  A two-headed ogre (D:8)
  A hippogriff (D:8)
  Prince Ribbit (D:8)
  Edmund (D:4)
  5 orc warriors
  A black bear (D:6)
  2 ice beasts (D:7)
  5 ogres
  2 centaurs (D:7)
  A big kobold (D:7)
  Blork the orc (D:4)
  8 bullfrogs
  A gnoll sergeant (D:5)
  A wyvern zombie (D:9)
  4 scorpions
  2 howler monkeys
  A crimson imp (D:6)
  A bullfrog skeleton (D:7)
  4 hounds
  5 orc priests
  A gnoll shaman (D:6)
  Jessica (D:3)
  11 orc wizards
  Natasha (thrice) (D:3)
  3 worker ants
  A hound skeleton (D:6)
  A worker ant zombie (D:5)
  14 adders
  10 gnolls
  A howler monkey skeleton (D:4)
  5 river rats (Sewer)
  3 oozes
  An adder skeleton (D:4)
  3 worms
  2 dart slugs
  8 leopard geckos
  23 orcs
  8 bats
  2 giant cockroaches
  5 goblins
  7 hobgoblins
  10 jackals
  11 kobolds
  2 quokkas
  12 ball pythons
  7 frilled lizards
  A leopard gecko skeleton (D:4)
  A leopard gecko zombie (D:8)
  31 rats
237 creatures vanquished.

Vanquished Creatures (others)
  2 quokkas (D:5)
2 creatures vanquished.

Grand Total: 239 creatures vanquished

Notes
Turn   | Place    | Note
-------+----------+-------------------------------------------
     0 | D:1      | Chiseanne the Spriggan Warper began the quest for the Orb.
     0 | D:1      | Reached XP level 1. HP: 10/10 MP: 5/5
   153 | D:1      | Reached skill level 1 in Stealth
   395 | D:1      | Reached XP level 2. HP: 12/14 MP: 6/6
   437 | D:1      | Learned a level 2 spell: Blink
   440 | D:1      | Learned a level 2 spell: Shroud of Golubria
  1409 | D:2      | Found a faded altar of an unknown god.
  1734 | D:1      | Reached XP level 3. HP: 17/18 MP: 6/8
  1739 | D:1      | Learned a level 3 spell: Teleport Other
  2914 | D:3      | Noticed Natasha
  2929 | D:3      | Reached XP level 4. HP: 23/23 MP: 6/10
  2942 | D:3      | Found a sacrificial altar of Ru.
  3054 | D:3      | Killed Natasha
  3094 | D:3      | Reached skill level 5 in Dodging
  3094 | D:3      | Reached XP level 5. HP: 18/27 MP: 8/12
  3202 | D:3      | Learned a level 4 spell: Passage of Golubria
  3470 | D:3      | Found an ancient bone altar of Kikubaaqudgha.
  3528 | D:3      | Noticed Jessica
  3530 | D:3      | Found a bloodstained altar of Trog.
  3532 | D:3      | Found an iron altar of Okawaru.
  3652 | D:3      | Noticed Natasha
  3659 | D:3      | Killed Natasha
  3792 | D:3      | Noticed Natasha
  3800 | D:3      | Killed Natasha
  3874 | D:3      | Killed Jessica
  3874 | D:3      | Reached XP level 6. HP: 12/32 MP: 12/14
  4165 | D:3      | Reached skill level 5 in Spellcasting
  4330 | D:4      | Reached skill level 5 in Stealth
  4330 | D:4      | Reached XP level 7. HP: 36/36 MP: 14/16
  4412 | D:4      | Found a glowing drain.
  4455 | Sewer    | Entered a sewer
  5582 | D:4      | Noticed Blork the orc
  5614 | D:4      | Killed Blork the orc
  6023 | D:4      | Noticed ANON1729's ghost (amateur TeCj)
  6054 | D:4      | Noticed Edmund
  6061 | D:4      | Reached XP level 8. HP: 31/42 MP: 18/18
  6201 | D:4      | Killed Edmund
  6688 | D:5      | Entered Level 5 of the Dungeon
  6707 | D:5      | Found a hazy altar of Hepliaklqana.
  6750 | D:5      | Noticed koelner's ghost (amateur DsVM)
  6787 | D:5      | Found a glowing golden altar of the Shining One.
  7058 | D:5      | Found a white marble altar of Elyvilon.
  7104 | D:5      | Found a staircase to the Ecumenical Temple.
  7117 | Temple   | Entered the Ecumenical Temple
  7535 | D:6      | Reached skill level 5 in Fighting
  7653 | D:6      | Found an opulent altar of Gozag.
  7672 | D:6      | Became a worshipper of Gozag Ym Sagoz the Greedy
  7835 | D:6      | Found a glowing silver altar of Zin.
  8115 | D:6      | Reached XP level 9. HP: 47/47 MP: 21/21
  8590 | D:7      | Found Tyecoiby's Assorted Antiques.
  8593 | D:7      | Bought a glowing brown potion for 25 gold pieces
  8593 | D:7      | Bought a scroll of fog for 56 gold pieces
  8593 | D:7      | Bought a scroll of teleportation for 84 gold pieces
  8593 | D:7      | Bought a scroll of identify for 56 gold pieces
  8593 | D:7      | Bought a potion of heal wounds for 140 gold pieces
  8593 | D:7      | Bought a glowing emerald ring for 140 gold pieces
  9202 | D:7      | Reached skill level 10 in Stealth
  9249 | D:8      | Noticed a two-headed ogre
  9297 | D:8      | Reached skill level 10 in Dodging
  9367 | D:8      | Noticed a two-headed ogre
  9411 | D:8      | Killed a two-headed ogre
  9411 | D:8      | Reached XP level 10. HP: 53/53 MP: 24/24
  9476 | D:8      | Learned a level 3 spell: Lesser Beckoning
  9480 | D:8      | Learned a level 3 spell: Gell's Gravitas
  9480 | D:8      | Noticed Prince Ribbit
  9732 | D:8      | Killed Prince Ribbit
  9779 | D:8      | Noticed Erica
  9793 | D:8      | Killed Erica
  9846 | D:8      | Noticed koelner's ghost (novice DsVM)
 10044 | D:8      | Reached skill level 10 in Spellcasting
 10499 | D:9      | Found a staircase to the Lair.
 10636 | D:9      | Slain by a gnoll sergeant

Skill      XL: |  1  2  3  4  5  6  7  8  9 10 |
---------------+-------------------------------+-----
Stealth        | 1 2 3 4 5 6 8 10 11 | 11.6
Spellcasting   | 3 4 5 6 7 9 10 | 10.0
Dodging        | 4 5 6 7 8 10 11 | 11.2
Fighting       | 2 3 4 5 6 |  6.8
Short Blades   | |  2.1
Throwing       | |  1.0
Translocations | |  4.4

Action                   |  1- 3 |  4- 6 |  7- 9 | 10-12 || total
-------------------------+-------+-------+-------+-------++-------
Melee: Short sword       |   275 |     2 |    48 |    18 ||   343
       Dagger            |       |   126 |   516 |    85 ||   727
 Fire: Blowgun           |       |     6 |   104 |     3 ||   113
Throw: Tomahawk          |     8 |     6 |    17 |     2 ||    33
       Stone             |       |     3 |     3 |       ||     6
 Cast: Shroud of Golubri |    30 |    17 |    44 |    11 ||   102
       Blink             |     1 |       |     4 |       ||     5
       Teleport Other    |       |       |    10 |     1 ||    11
       Passage of Golubr |       |       |     8 |     1 ||     9
Evoke: Wand              |       |       |     2 |     8 ||    10
  Use: Scroll            |     4 |     5 |    11 |     4 ||    24
       Potion            |     1 |       |       |       ||     1
 Stab: Sleeping          |     3 |     2 |    10 |     5 ||    20
       Distracted        |       |       |     2 |       ||     2
       Confused          |       |       |       |     1 ||     1
  Eat: Bread ration      |     1 |       |     1 |       ||     2
       Fruit             |       |       |       |     4 ||     4
Armor: Robe              |    41 |    10 |    38 |     3 ||    92
Dodge: Dodged            |   302 |    86 |   698 |    97 ||  1183
